 Dungeon Crawl Stone Soup version 0.31-a0-810-ga77100ea1a (webtiles) character file.

Game seed: 12279868886333985230

15861 Newt the Markskobold (level 12, -28/68 HPs)
             Began as a Kobold Hunter on Sept 21, 2023.
             Was an Elder of Hepliaklqana.
             Annihilated by a large slime creature (33 damage)
             ... on level 12 of the Dungeon.
             The game lasted 00:12:28 (14852 turns).

Newt the Markskobold (Kobold Hunter)               Turns: 14852, Time: 00:12:29

Health: -28/68     AC:  8    Str:  9    XL:     12   Next: 62%
Magic:  14/16      EV: 27    Int: 11    God:    Hepliaklqana [****..]
Gold:   1170       SH:  0    Dex: 22    Spells: 15/17 levels left

rFire   + . .        a - +2 shortbow
rCold   + . .        (shield currently unavailable)
rNeg    + . .        q - +2 animal skin
rPois   .            r - +1 helmet
rElec   .            n - scarf {rC+ rF+}
rCorr   .            H - +0 pair of gloves
SInv    .            D - +0 pair of boots
Will    .....        F - amulet of regeneration
Stlth   +++          A - ring of positive energy
HPRegen 1.11/turn    w - +5 ring of evasion
MPRegen 0.15/turn

%: no passive effects
@: wereblooded
A: reduced essence, small, no large weapons, nightstalker 3
a: Renounce Religion, Recall Ancestor, Ancestor Identity, Transference, Idealise


You were on level 12 of the Dungeon.
You worshipped Hepliaklqana.
Hepliaklqana was greatly pleased with you.
You visited 1 branch of the dungeon, and saw 12 of its levels.
You also visited: Ice Cave.

You collected 1170 gold pieces.

Inventory:

Hand Weapons
 a - a +2 shortbow (weapon)
Armour
 c - a +0 leather armour
 n - a scarf of resistance (worn)
 q - a +2 animal skin (worn)
 r - a +1 helmet (worn)
 u - +0 pearl dragon scales
 D - a +0 pair of boots (worn)
 H - a +0 pair of gloves (worn)
 I - a +2 crystal plate armour
Jewellery
 e - a ring of ice
 i - a +6 ring of intelligence
 w - a +5 ring of evasion (right hand)
 x - a ring of wizardry
 z - a ring of ice
 A - a ring of positive energy (left hand)
 B - a ring of fire
 F - an amulet of regeneration (around neck)
 G - a ring of poison resistance
Wands
 p - a wand of mindburst (7)
 y - a wand of flame (34)
 K - a wand of digging (2)
Scrolls
 b - a scroll of butterflies
 l - 4 scrolls of amnesia
 C - 2 scrolls of fog
 E - a scroll of vulnerability
 J - a scroll of teleportation
 L - a scroll of blinking
 M - a scroll of identify
Potions
 d - 4 potions of enlightenment
 f - a potion of haste
 g - 3 potions of brilliance
 h - 3 potions of might
 j - 4 potions of curing
 k - 2 potions of lignification
 m - a potion of heal wounds
 o - a potion of berserk rage
 s - a potion of mutation
 t - 2 potions of degeneration
 v - 2 potions of cancellation {unknown}


   Skills:
 - Level 9.0 Fighting
 - Level 19.0 Ranged Weapons
 - Level 9.0 Dodging
 - Level 1.3 Stealth
 - Level 3.1 Spellcasting
 - Level 7.0 Transmutations
 + Level 2.8 Evocations


You had 15 spell levels left.
You knew the following spells:

 Your Spells              Type           Power      Damage    Failure   Level
a - Wereblood             Tmut           17%        N/A       2%          2

Your spell library contained the following spells:

 Spells                   Type           Power      Damage    Failure   Level
 Ignite Poison            Fire/Tmut/Pois 6%         N/A       30%         3
 Cigotuvi's Dreadful Rot  Necr/Pois/Air  2%         N/A       36%         2
 Sublimation of Blood     Necr           1%         N/A       36%         2
 Volatile Blastmotes      Fire/Tloc      2%         2d10      61%         3
 Dispel Undead            Necr           1%         3d6       95%         4
 Fulminant Prism          Conj/Hex       0%         3d5       95%         4
 Iskenderun's Mystic Bla  Conj/Tloc      1%         2d3       95%         4
 Freezing Cloud           Conj/Ice/Air   0%         6-21      100%        5
 Death Channel            Necr           0%         N/A       100%        6
 Summon Hydra             Summ           0%         N/A       100%        7


Dungeon Overview and Level Annotations

Branches:
Dungeon (12/15)            Temple (0/1) D:5            Lair (0/5) D:10
    Orc (0/2) D:9           IceCv (visited)

Altars:
Ashenzari
Cheibriados
Gozag
Hepliaklqana
Nemelex Xobeh
Okawaru
Qazlal
Ru
Trog
Wu Jian
Xom
Zin
The Shining One

Annotations:
D:2 1 runed translucent door, Crazy Yiuf
D:4 1 runed translucent door, puppykicker's ghost, novice OpSh


Innate Abilities, Weirdness & Mutations

Your life essence is reduced to manifest your ancestor. (-10% HP)
You are small and have problems with some larger weapons.
You are completely attuned to the shadows.


Message History

Two slime creatures merge to form a large slime creature.
The boulder beetle leaps!
You shoot an arrow.
The arrow hits the large slime creature.
The large slime creature is lightly wounded.
You shoot an arrow.
The arrow hits the large slime creature but does no damage.
The large slime creature is lightly wounded.
You shoot an arrow.
The arrow hits the large slime creature!
The large slime creature is lightly wounded.
You shoot an arrow.
The arrow hits the large slime creature.
The large slime creature is lightly wounded.
You shoot an arrow.
The arrow hits the large slime creature.
The large slime creature is moderately wounded.
The large slime creature closely misses you.
You shoot an arrow.
The arrow hits the large slime creature!
The large slime creature is moderately wounded.
The large slime creature hits you!
You shoot an arrow.
The arrow hits the large slime creature!!
The large slime creature is heavily wounded.
You shoot an arrow.
The arrow barely misses the large slime creature.
The arrow hits the boulder beetle but does no damage.
The boulder beetle is heavily wounded.
The large slime creature hits you!!!
Ouch! That really hurt!
You shoot an arrow.
The arrow hits the large slime creature!
The large slime creature is severely wounded.
The large slime creature hits you!!
* * * LOW HITPOINT WARNING * * *
The boulder beetle curls into a ball and begins rolling!
The large slime creature attacks as it pursues you!
The large slime creature hits you!!
You die...

⌠.#..............
..#..............
~###...##...#######
.......##...# ..
... ............+
.. ###.#
###.#.###### ..
...# #.#.# ..
.###.#######.#.# ..
......B..J@..#.# ..
.###.#########.#
#..# ...#.# #....
.....# .....!
.....# ......
#.....## ........
#....## #....#


You could see a boulder beetle (rolling) and a large slime creature.

Vanquished Creatures
  A white draconian (IceCv)
  A two-headed ogre (D:10)
  Pikel (D:6)
  A deep elf pyromancer (D:11)
  A harpy (shapeshifter) (D:12)
  2 ice statues (IceCv)
  2 gargoyles
  An unseen horror (D:10)
  3 rime drakes (IceCv)
  A kobold demonologist (D:12)
  2 trolls
  A hornet (D:11)
  A dream sheep (D:10)
  2 slime creatures (D:12)
  A wraith (D:10)
  A wyvern (D:8)
  20 yaks
  3 hell hounds (D:11)
  A sky beast (D:8)
  An ice beast (D:8)
  2 black bears
  2 ogres
  5 centaurs
  2 phantoms
  2 kobold brigands
  3 bullfrogs
  A scorpion (D:5)
  3 wights (D:9)
  4 lindwurm simulacra (IceCv)
  9 killer bees (D:7)
  6 komodo dragon simulacra (IceCv)
  2 jellies
  2 orc priests (D:5)
  2 gnoll boudas
  4 hounds
  Jessica (D:2)
  An orc wizard (D:8)
  Natasha (thrice) (D:4)
  Robin (D:4)
  4 acid dragon simulacra (IceCv)
  2 gnolls (D:9)
  5 adders
  3 steam dragon simulacra (IceCv)
  4 worms
  A dart slug (D:4)
  10 orcs
  11 ball pythons
  6 bats
  3 endoplasms
  7 giant cockroaches
  12 hobgoblins
  5 jackals
  4 quokkas
  3 frilled lizards
  16 goblins
  21 kobolds
  A rat (D:1)
220 creatures vanquished.

Vanquished Creatures (collateral kills)
  2 two-headed ogres
  A rime drake (IceCv)
  Prince Ribbit (D:8)
  A dream sheep (D:10)
  A slime creature (D:12)
  3 yaks
  A wraith (D:12)
  A steam dragon (D:6)
  An ice beast (D:7)
  A centaur (D:9)
  A lemure (D:6)
  A lindwurm simulacrum (IceCv)
  A hound (D:6)
  3 orc wizards (D:8)
  A gnoll (D:9)
  An acid dragon simulacrum (IceCv)
  A steam dragon simulacrum (IceCv)
  An orc (D:8)
  3 kobolds
26 creatures vanquished.

Vanquished Creatures (others)
  8 knights
  An acid dragon simulacrum (IceCv)
  4 ancestors
13 creatures vanquished.

Grand Total: 259 creatures vanquished

Notes
Turn   | Place    | Note
-------+----------+-------------------------------------------
     0 | D:1      | Newt the Kobold Hunter began the quest for the Orb.
     0 | D:1      | Reached XP level 1. HP: 12/12 MP: 1/1
   155 | D:1      | Reached XP level 2. HP: 16/18 MP: 2/2
   791 | D:1      | Reached XP level 3. HP: 23/23 MP: 3/3
  1281 | D:2      | Noticed Jessica
  1285 | D:2      | Killed Jessica
  1286 | D:2      | Reached XP level 4. HP: 26/30 MP: 4/4
  1411 | D:2      | Found a runed translucent door.
  1414 | D:2      | Noticed Crazy Yiuf
  1531 | D:2      | Found a faded altar of an unknown god.
  1947 | D:3      | Reached skill level 5 in Fighting
  2238 | D:3      | Found an opulent altar of Gozag.
  2241 | D:3      | Reached XP level 5. HP: 35/35 MP: 5/5
  2255 | D:3      | Noticed an air elemental
  2256 | D:3      | Found a stormy altar of Qazlal.
  2256 | D:3      | Noticed a water elemental
  2259 | D:3      | Noticed a fire elemental
  2501 | D:4      | Noticed Natasha
  2504 | D:4      | Killed Natasha
  2505 | D:4      | Reached skill level 6 in Ranged Weapons
  2659 | D:4      | Noticed a phantom
  2670 | D:4      | Reached skill level 7 in Ranged Weapons
  2670 | D:4      | Reached XP level 6. HP: 28/40 MP: 6/6
  3038 | D:4      | Noticed a black bear
  3044 | D:4      | Killed a black bear
  3045 | D:4      | Reached skill level 8 in Ranged Weapons
  3064 | D:4      | Noticed Natasha
  3066 | D:4      | Killed Natasha
  3067 | D:4      | Reached XP level 7. HP: 44/44 MP: 7/7
  3183 | D:4      | Noticed Robin
  3187 | D:4      | Noticed Natasha
  3198 | D:4      | Killed Natasha
  3199 | D:4      | Reached skill level 9 in Ranged Weapons
  3562 | D:4      | Killed Robin
  3731 | D:4      | Found a runed translucent door.
  3740 | D:4      | Noticed puppykicker's ghost (novice OpSh)
  3928 | D:4      | Found a large runed translucent door.
  3928 | D:4      | Found a large runed translucent door.
  4098 | D:4      | Found an ornate altar of the Wu Jian Council.
  4102 | D:4      | Found a bloodstained altar of Trog.
  4210 | D:5      | Entered Level 5 of the Dungeon
  4333 | D:5      | Reached skill level 10 in Ranged Weapons
  4533 | D:5      | Found a hazy altar of Hepliaklqana.
  4534 | D:5      | Found a shimmering altar of Xom.
  4535 | D:5      | Noticed a spectral ugly thing
  4538 | D:5      | Became a worshipper of Hepliaklqana the Forgotten
  4553 | D:5      | Found a glowing silver altar of Zin.
  4674 | D:5      | Reached XP level 8. HP: 33/49 MP: 8/8
  4834 | D:5      | Reached skill level 5 in Dodging
  5081 | D:5      | Found a staircase to the Ecumenical Temple.
  5138 | D:5      | Reached skill level 1 in Spellcasting
  5138 | D:5      | Reached skill level 1 in Transmutations
  5269 | D:5      | Found an iron altar of Okawaru.
  5662 | D:6      | Learned a level 2 spell: Wereblood
  5662 | D:6      | Reached * piety under Hepliaklqana
  5705 | D:6      | Noticed a yak
  5707 | D:6      | Noticed a yak
  5713 | D:6      | Noticed a yak
  5714 | D:6      | Noticed a yak
  5727 | D:6      | Noticed a yak
  5729 | D:6      | Killed a yak
  5730 | D:6      | HP: 2/44 [yak (13)]
  6112 | D:7      | Found a sparkling altar of Nemelex Xobeh.
  6333 | D:7      | Reached XP level 9. HP: 15/48 MP: 13/13
  6339 | D:7      | Reached skill level 11 in Ranged Weapons
  7147 | D:7      | Found a glowing golden altar of the Shining One.
  7316 | D:7      | Reached skill level 12 in Ranged Weapons
  7986 | D:6      | Reached skill level 13 in Ranged Weapons
  8011 | D:6      | Reached skill level 14 in Ranged Weapons
  8099 | D:6      | Reached ** piety under Hepliaklqana
  8100 | D:6      | Remembered your ancestor Xolani as a knight
  8309 | D:6      | Reached XP level 10. HP: 53/53 MP: 14/14
  8773 | D:6      | Noticed Pikel
  8795 | D:6      | Killed Pikel
  8796 | D:6      | Reached skill level 15 in Ranged Weapons
  9408 | D:8      | Noticed Prince Ribbit
  9415 | D:8      | Killed Prince Ribbit
  9563 | D:8      | Reached *** piety under Hepliaklqana
  9803 | D:9      | Noticed a two-headed ogre
  9812 | D:9      | Killed a two-headed ogre
 10087 | D:9      | Found a sacrificial altar of Ru.
 10208 | D:9      | Found a broken altar of Ashenzari.
 10813 | D:9      | Found a staircase to the Orcish Mines.
 11239 | D:10     | Entered Level 10 of the Dungeon
 11341 | D:10     | Killed an unseen horror
 11342 | D:10     | Reached skill level 16 in Ranged Weapons
 11342 | D:10     | Reached XP level 11. HP: 32/63 MP: 15/15
 11684 | D:10     | Found a snail-covered altar of Cheibriados.
 11871 | D:10     | Reached **** piety under Hepliaklqana
 11967 | D:10     | Reached skill level 17 in Ranged Weapons
 12171 | D:10     | Found a staircase to the Lair.
 12289 | D:10     | Noticed a two-headed ogre
 12296 | D:10     | Killed a two-headed ogre
 12297 | D:10     | Reached skill level 18 in Ranged Weapons
 12929 | D:11     | Noticed a deep elf pyromancer
 12936 | D:11     | Killed a deep elf pyromancer
 12971 | D:11     | Found a frozen archway.
 13007 | IceCv    | Entered an ice cave
 13048 | IceCv    | Reached skill level 19 in Ranged Weapons
 13235 | IceCv    | Reached XP level 12. HP: 34/68 MP: 16/16
 13387 | IceCv    | Noticed a white draconian
 13423 | IceCv    | Killed a white draconian
 13849 | D:11     | Noticed a two-headed ogre
 13854 | D:11     | Killed a two-headed ogre
 14032 | D:11     | Reached skill level 5 in Transmutations
 14774 | D:12     | Reached skill level 1 in Evocations
 14822 | D:12     | Noticed a boulder beetle
 14850 | D:12     | HP: 2/68 [large slime creature (19)]
 14852 | D:12     | Annihilated by a large slime creature

Illustrated notes

Levels and vault maps discovered:
D:1:      nzn_arrival_crosshair, layout_loops_ring, serial_forest,
          infiniplex_forest_lined_room_, infiniplex_forest_corner_1,
          infiniplex_forest_end_2, infiniplex_forest_end_2,
          infiniplex_forest_lined_room_, infiniplex_forest_clump_long,
          infiniplex_forest_join, infiniplex_forest_lined_2,
          infiniplex_forest_straight_3, nicolae_concentric_dashed_squares_wild
D:2:      layout_rooms, hellmonk_ecumenical_altar_lost_god, uniq_jessica,
          uniq_crazy_yiuf_cottage
D:3:      layout_rooms, nicolae_qazlal_style_of_elements, lemuel_round_altar
D:4:      minmay_diamond_boxcup, layout_cave_pools, jmf_multi_god_temple2,
          hellmonk_ghost_happy_afterlife, uniq_robin, uniq_natasha
D:5:      layout_loops_corners, regret_index_temple_of_mockery,
          mainiacjoe_overflow_alcove_1, nicolae_overflow_hidden_temple,
          minmay_temple_entry_from_below_a
D:6:      layout_layer_cave, uniq_pikel
D:7:      layout_loops_corners, mainiacjoe_overflow_catwalk,
          general_overflow_altar
D:8:      layout_basic, uniq_prince_ribbit1
D:9:      layout_gridville, mainiacjoe_overflow_divided_tiny, orc_0_dummy
D:10:     layout_loops_corners, lemuel_doored_altar, lair_entry_dummy,
          dreamdust_gnoll_shepherd
D:11:     layout_gridville, portal_ice_cave_entry_pillars_1,
          minmay_rotating_lava
D:12:     layout_basic, fountainhead, uniq_nessos, uniq_maurice

Skill      XL: |  1  2  3  4  5  6  7  8  9 10 11 12 |
---------------+-------------------------------------+-----
Fighting       | 3 4 5 9 |  9.0
Ranged Weapons | 7 8 10 14 16 19 | 19.0
Dodging        | 4 5 7 9 |  9.0
Spellcasting   | 3 |  3.1
Transmutations | 3 7 |  7.0
Evocations     | 2 |  2.8
Stealth        | |  1.3

Action                     |  1- 3 |  4- 6 |  7- 9 | 10-12 || total
---------------------------+-------+-------+-------+-------++-------
   Fire: Shortbow          |    64 |   113 |   299 |   568 ||  1044
   Cast: Wereblood         |       |       |     6 |    17 ||    23
 Invoke: Ancestor Life: Kn |       |       |     1 |       ||     1
         Recall Ancestor   |       |       |       |     2 ||     2
  Evoke: Wand              |       |       |     1 |     6 ||     7
    Use: Scroll            |     1 |     7 |     4 |     7 ||    19
         Potion            |       |     1 |     4 |     3 ||     8
 Armour: Leather armour    |    12 |    33 |    39 |       ||    84
         Animal skin       |       |       |    55 |    63 ||   118
  Dodge: Dodged            |    12 |    49 |   167 |   130 ||   358

Table legend: (Time is in decaauts)
 A = Elapsed time spent in this place.
 B = Non-inter-level travel time spent in this place.
 C = Inter-level travel time spent in this place.
 D = Time resting spent in this place.
 E = Time spent auto-exploring this place.
 F = Levels seen in this place.
 G = Mean time per level.
                   A        B        C        D        E       F      G
               +--------+--------+--------+--------+--------+-----+--------+
         Total |  14677 |  14349 |    328 |   3173 |   9553 |  13 | 1129.0 |
       Dungeon |  13949 |  13621 |    328 |   2902 |   9286 |  12 | 1162.4 |
      Ice Cave |    728 |    728 |      0 |    271 |    267 |   1 |  728.0 |
               +--------+--------+--------+--------+--------+-----+--------+

Top non-repeatable levels by time:
     D:7: 2120 daAuts
    D:10: 1653 daAuts
     D:9: 1440 daAuts
     D:4: 1436 daAuts
     D:6: 1397 daAuts
     D:5: 1298 daAuts
     D:1: 1223 daAuts
     D:3: 930 daAuts
    D:11: 892 daAuts
   IceCv: 728 daAuts
     D:8: 690 daAuts
     D:2: 658 daAuts
    D:12: 208 daAuts
